Workbook

Sheet Overall Budget
A1: Southminster Parish Council Budget 1st April 2014 to 31 March 2015 Status at 31st March 2015
A3: Budget Item | B3: Budget Sub-item | C3: Balance 31/03/2013 | D3: Precept | E3: Sub-Item Budget | F3: Item Budget | G3: Payments | H3: Receipts | I3: Sub-item Balance | J3: Item Balance
A5: Administration | F5: =SUM(E6:E19) -> 10705.33 | G5: =SUM(G6:G19) -> 5423.76 | H5: =SUM(H6:H19) -> 208.53 | J5: =SUM(F5-G5+H5) -> 5490.1
B6: Audit | C6: 318.87 | D6: 281.13 | E6: =SUM(C6+D6) -> 600 | G6: 473.75 | H6: 0 | I6: =SUM(E6-G6+H6) -> 126.25
B7: Chairman's Honorarium | C7: 0 | D7: 600 | E7: =SUM(C7+D7) -> 600 | G7: 0 | H7: 0 | I7: =SUM(E7-G7+H7) -> 600
B8: Charity | C8: 107.5 | D8: 0 | E8: =SUM(C8+D8) -> 107.5 | G8: 0 | H8: 107.5 | I8: =SUM(E8-G8+H8) -> 215
B9: Election Costs | C9: 2000 | D9: 0 | E9: =SUM(C9+D9) -> 2000 | G9: 0 | H9: 0 | I9: =SUM(E9-G9+H9) -> 2000
B10: General Expenses | C10: 12.66 | D10: 510.92 | E10: =SUM(C10+D10) -> 523.58 | G10: 414.23 | H10: 75.25 | I10: =SUM(E10-G10+H10) -> 184.6
B11: Green Sacks | C11: 44.25 | D11: 0 | E11: =SUM(C11+D11) -> 44.25 | G11: 44.25 | H11: 0 | I11: =SUM(E11-G11+H11) -> 0
B12: Insurance - General | C12: 339.26 | D12: 2160.74 | E12: =SUM(C12+D12) -> 2500 | G12: 2407.83 | H12: 0 | I12: =SUM(E12-G12+H12) -> 92.17
B13: IT Services | C13: 100.65 | D13: 199.35 | E13: =SUM(C13+D13) -> 300 | G13: 180.61 | H13: 0 | I13: =SUM(E13-G13+H13) -> 119.39
B14: Neighbourhood Planning | C14: 2200 | D14: -200 | E14: =SUM(C14+D14) -> 2000 | G14: 0 | H14: 0 | I14: =SUM(E14-G14+H14) -> 2000
B15: Postage | C15: 34.51 | D15: 45.49 | E15: =SUM(C15+D15) -> 80 | G15: 42.07 | H15: 0 | I15: =SUM(E15-G15+H15) -> 37.93
B16: Stationary | C16: 111.98 | D16: 288.02 | E16: =SUM(C16+D16) -> 400 | G16: 277.82 | H16: 3.78 | I16: =SUM(E16-G16+H16) -> 125.96
B17: Subscriptions | C17: 208.47 | D17: 641.53 | E17: =SUM(C17+D17) -> 850 | G17: 769.63 | H17: 0 | I17: =SUM(E17-G17+H17) -> 80.37
... B19: Training | C19: 445.01 | D19: -195.01 | E19: =SUM(C19+D19) -> 250 | G19: 395 | H19: 22 | I19: =SUM(E19-G19+H19) -> -123
A21: Wages PAYE & Expenses | F21: =SUM(E22:E23) -> 15200 | G21: =SUM(G22:G23) -> 13414.39 | H21: =SUM(H22:H23) -> 0 | J21: =SUM(F21-G21+H21) -> 1785.61
B22: Clerk - Salary | C22: 1640.79 | D22: 9359.21 | E22: =SUM(C22+D22) -> 11000 | G22: 9641.17 | H22: 0 | I22: =SUM(E22-G22+H22) -> 1358.83
B23: Clerk - Tax and National Insurance | C23: 362.59 | D23: 3837.41 | E23: =SUM(C23+D23) -> 4200 | G23: 3773.22 | H23: 0 | I23: =SUM(E23-G23+H23) -> 426.78
A25: S137 Payments | C25: 250 | D25: -50 | F25: =SUM(C25+D25) -> 200 | G25: 100 | H25: 0 | J25: =SUM(F25-G25+H25) -> 100
A27: Capital Spending (Asset purchase) | C27: 0 | D27: 0 | F27: =SUM(C27+D27) -> 0 | G27: 0 | H27: 0 | J27: =SUM(F27-G27+H27) -> 0
A29: Sale of Assets | C29: 0 | D29: 0 | F29: =SUM(C29+D29) -> 0 | G29: 0 | H29: 0 | J29: =SUM(F29-G29+H29) -> 0
A31: Loans etc for Capital expend | C31: 0 | D31: 0 | F31: =SUM(C31+D31) -> 0 | G31: 0 | H31: 0 | J31: =SUM(F31-G31+H31) -> 0
A33: Loan, Interest & Repayments | C33: 0 | D33: 0 | F33: =SUM(C33+D33) -> 0 | G33: 0 | H33: 0 | J33: =SUM(F33-G33+H33) -> 0
A35: Interest on Invts and A/Cs | C35: 63.86 | D35: 0 | F35: =SUM(C35+D35) -> 63.86 | G35: =SUM(G36:G37) -> 124.74 | H35: =SUM(H36:H37) -> 60.88 | J35: =SUM(F35-G35+H35) -> 7.1054274e-15
B36: Business Reserve | G36: 70.13 | H36: 35.21
B37: Business Premium | G37: 54.61 | H37: 25.67
A39: Tenancies (Council as landlord) | C39: 4976.41 | D39: 0 | F39: =SUM(C39+D39) -> 4976.41 | G39: 9667.39 | H39: 4690.98 | J39: =SUM(F39-G39+H39) -> 0
A41: Capital Grants | C41: 0 | D41: 0 | F41: =SUM(C41+D41) -> 0 | G41: 0 | H41: 0 | J41: =SUM(F41-G41+H41) -> 0
A43: Agency Services | C43: 0 | D43: 0 | F43: =SUM(C43+D43) -> 0 | G43: 0 | H43: 0 | J43: =SUM(F43-G43+H43) -> 0
A45: Other Payments (Not listed here) | C45: -30 | D45: 30 | F45: =SUM(C45+D45) -> 0 | G45: 0 | H45: 0 | J45: =SUM(F45-G45+H45) -> 0
A47: Provision for doubtful debts | C47: 0 | D47: 0 | F47: =SUM(C47+D47) -> 0 | G47: 0 | H47: 0 | J47: =SUM(F47-G47+H47) -> 0
A49: Advertising & Publicity | F49: =SUM(E50:E51) -> 1700 | G49: =SUM(G50:G51) -> 1280 | H49: =SUM(H50:H51) -> 0 | J49: =SUM(F49-G49+H49) -> 420
B50: SPN | C50: 130 | D50: 1470 | E50: =SUM(C50+D50) -> 1600 | G50: 1280 | H50: 0 | I50: =SUM(E50-G50+H50) -> 320
B51: Other | C51: 100 | D51: 0 | E51: =SUM(C51+D51) -> 100 | G51: 0 | H51: 0 | I51: =SUM(E51-G51+H51) -> 100
A53: Allotments | F53: =SUM(E54:E58) -> 405.87 | G53: =SUM(G54:G58) -> 873.37 | H53: =SUM(H54:H58) -> 1789.8 | J53: =SUM(F53-G53+H53) -> 1322.3
B54: Fuel PH | C54: -59.81 | E54: 0 | G54: 70.9 | H54: 70.9 | I54: =SUM(E54-G54+H54) -> 0
B55: Lettings | C55: 1538.1 | E55: 698.01 | G55: 44.8 | H55: 786.23 | I55: =SUM(E55-G55+H55) -> 1439.44
B56: Maintenance (incl grass cutting) | C56: -681.88 | E56: 0 | G56: 403.67 | H56: 403.67 | I56: =SUM(E56-G56+H56) -> 0
B57: Sheds | C57: -292.14 | E57: =SUM(C57+D57) -> -292.14 | G57: 0 | H57: 175 | I57: =SUM(E57-G57+H57) -> -117.14
B58: Water | C58: -98.4 | E58: 0 | G58: 354 | H58: 354 | I58: =SUM(E58-G58+H58) -> 0
A60: Parish Room/Old Parish Room/Car Park/Toilet/One Place | F60: =SUM(E61:E79) -> 10508.63 | G60: =SUM(G61:G79) -> 10926.45 | H60: =SUM(H61:H79) -> 1003.1 | J60: =SUM(F60-G60+H60) -> 585.28
B61: Car Park - Cleaning | C61: 200 | D61: 0 | E61: =SUM(C61+D61) -> 200 | G61: 0 | H61: 0 | I61: =SUM(E61-G61+H61) -> 200
B62: Car Park - Electricity | C62: -227.76 | D62: 877.76 | E62: =SUM(C62+D62) -> 650 | G62: 707.76 | H62: 0 | I62: =SUM(E62-G62+H62) -> -57.76
B63: Car Park - Maintenance | C63: 594.58 | D63: 405.42 | E63: =SUM(C63+D63) -> 1000 | G63: 1433.49 | H63: 0 | I63: =SUM(E63-G63+H63) -> -433.49
B64: Car Park - Rates | C64: 21.9 | D64: 1378.1 | E64: =SUM(C64+D64) -> 1400 | G64: 1201.05 | H64: 0 | I64: =SUM(E64-G64+H64) -> 198.95
B65: Car Park - Rates ATM | C65: 17.5 | D65: 1982.5 | E65: =SUM(C65+D65) -> 2000 | G65: 1766.25 | H65: 0 | I65: =SUM(E65-G65+H65) -> 233.75
B66: Car Park - Rates Toilet | C66: 1.68 | D66: 198.32 | E66: =SUM(C66+D66) -> 200 | G66: 169.56 | H66: 0 | I66: =SUM(E66-G66+H66) -> 30.44
B67: Car Park - Sewerage | C67: 263.1 | D67: -43.1 | E67: =SUM(C67+D67) -> 220 | G67: 266.97 | H67: 0 | I67: =SUM(E67-G67+H67) -> -46.97
B68: Car Park - Water | C68: 136.71 | D68: -16.71 | E68: =SUM(C68+D68) -> 120 | G68: 102.54 | H68: 0 | I68: =SUM(E68-G68+H68) -> 17.46
B69: Car Park - Building Maintenance | C69: 0 | D69: 0 | E69: =SUM(C69+D69) -> 0 | G69: 687.3 | H69: 0 | I69: =SUM(E69-G69+H69) -> -687.3
B70: Car Park Building - Rates | C70: 0 | D70: 1118.63 | E70: =SUM(C70+D70) -> 1118.63 | G70: 0 | H70: 0 | I70: =SUM(E70-G70+H70) -> 1118.63
B72: Parish Rooms - Cleaning | C72: 94.99 | D72: 455.01 | E72: =SUM(C72+D72) -> 550 | G72: 372 | H72: 0 | I72: =SUM(E72-G72+H72) -> 178
B73: Parish Rooms - Electricity | C73: 166.59 | D73: 303.41 | E73: =SUM(C73+D73) -> 470 | G73: 332.1 | H73: 0 | I73: =SUM(E73-G73+H73) -> 137.9
... B79: Parish Rooms - Water | C79: -284.98 | D79: 1184.98 | E79: =SUM(C79+D79) -> 900 | G79: 997.66 | H79: 0 | I79: =SUM(E79-G79+H79) -> -97.66
A81: Events | F81: =SUM(E82:E84) -> 3300 | G81: =SUM(G82:G84) -> 5317.85 | H81: =SUM(H82:H84) -> 1715.89 | J81: =SUM(F81-G81+H81) -> -301.96
B82: Halloween | C82: -222.48 | D82: 2222.48 | E82: =SUM(C82+D82) -> 2000 | G82: 4525.38 | H82: 1715.89 | I82: =SUM(E82-G82+H82) -> -809.49
B83: Summer Show/Music | C83: -11 | D83: 811 | E83: =SUM(C83+D83) -> 800 | G83: 758.3 | H83: 0 | I83: =SUM(E83-G83+H83) -> 41.7
B84: Southminster in Bloom | C84: 373 | D84: 127 | E84: =SUM(C84+D84) -> 500 | G84: 34.17 | H84: 0 | I84: =SUM(E84-G84+H84) -> 465.83
A86: King George V Memorial Field | F86: =SUM(E87:E114) -> 41785.77 | G86: =SUM(G87:G114) -> 129543.88 | H86: =SUM(H87:H114) -> 87198.04 | J86: =SUM(F86-G86+H86) -> -560.07
B87: Community Hall 2 - Electricity | C87: -403.93 | D87: 1003.93 | E87: =SUM(C87+D87) -> 600 | G87: 571.91 | H87: 0 | I87: =SUM(E87-G87+H87) -> 28.09
B88: Community Hall 2 - Cleaning | C88: -50 | D88: 500 | E88: =SUM(C88+D88) -> 450 | G88: 600 | H88: 0 | I88: =SUM(E88-G88+H88) -> -150
B89: Community Hall 2 - Lettings | C89: 0 | D89: -600 | E89: =SUM(C89+D89) -> -600 | G89: 0 | H89: 308 | I89: =SUM(E89-G89+H89) -> -292
B90: Community Hall 2 - Maintenance | C90: 0 | D90: 800 | E90: =SUM(C90+D90) -> 800 | G90: 276.38 | H90: 0 | I90: =SUM(E90-G90+H90) -> 523.62
B91: Community Hall 2 - Rates | C91: 0 | D91: 0 | E91: =SUM(C91+D91) -> 0 | G91: 0 | H91: 0 | I91: =SUM(E91-G91+H91) -> 0
B92: Community Hall 2 - Refurbishment | C92: 3703.77 | D92: 0 | E92: =SUM(C92+D92) -> 3703.77 | G92: 3703.77 | H92: 0 | I92: =SUM(E92-G92+H92) -> 0
B94: Community Hall 1 - Cleaning | C94: 27.73 | D94: 422.27 | E94: =SUM(C94+D94) -> 450 | G94: 600 | H94: 0 | I94: =SUM(E94-G94+H94) -> -150
B95: Community Hall 1 - Lettings | C95: 9.75 | D95: -709.75 | E95: =SUM(C95+D95) -> -700 | G95: 0 | H95: 389.55 | I95: =SUM(E95-G95+H95) -> -310.45
B96: Community Hall 1 - Maintenance | C96: -659.83 | D96: 1659.83 | E96: =SUM(C96+D96) -> 1000 | G96: 787.76 | H96: 0 | I96: =SUM(E96-G96+H96) -> 212.24
B97: Community Hall 1 - Rates | C97: 25.85 | D97: 1374.15 | E97: =SUM(C97+D97) -> 1400 | G97: 1095.08 | H97: 0 | I97: =SUM(E97-G97+H97) -> 304.92
B99: General - BMX | C99: 500 | D99: 0 | E99: =SUM(C99+D99) -> 500 | G99: 0 | H99: 0 | I99: =SUM(E99-G99+H99) -> 500
B100: General - Grass Cutting | C100: 488 | D100: 12 | E100: =SUM(C100+D100) -> 500 | G100: 352 | H100: 0 | I100: =SUM(E100-G100+H100) -> 148
... B114: Playground/Car Park Maintenance | C114: 1776.56 | D114: 1025.44 | E114: =SUM(C114+D114) -> 2802 | G114: 2811.49 | H114: 0 | I114: =SUM(E114-G114+H114) -> -9.49
A116: Parish Machinery | F116: =SUM(E117:E119) -> 3800 | G116: =SUM(G117:G119) -> 3048.18 | H116: =SUM(H117:H119) -> 0 | J116: =SUM(F116-G116+H116) -> 751.82
B117: Fuel | C117: 117.52 | D117: 482.48 | E117: =SUM(C117+D117) -> 600 | G117: 294 | H117: 0 | I117: =SUM(E117-G117+H117) -> 306
B118: Insurance | C118: 131.18 | D118: 1268.82 | E118: =SUM(C118+D118) -> 1400 | G118: 1237.09 | H118: 0 | I118: =SUM(E118-G118+H118) -> 162.91
B119: Maintenance | C119: 444.13 | D119: 1355.87 | E119: =SUM(C119+D119) -> 1800 | G119: 1517.09 | H119: 0 | I119: =SUM(E119-G119+H119) -> 282.91
A121: Parish Maintenance | F121: =SUM(E122:E133) -> 21856.6 | G121: =SUM(G122:G133) -> 15654.04 | H121: =SUM(H122:H133) -> 2000 | J121: =SUM(F121-G121+H121) -> 8202.56
B122: Bus Shelters | C122: 500 | D122: 0 | E122: =SUM(C122+D122) -> 500 | G122: 0 | H122: 0 | I122: =SUM(E122-G122+H122) -> 500
B123: Church Clock | C123: 300 | D123: 1300 | E123: =SUM(C123+D123) -> 1600 | G123: 0 | H123: 0 | I123: =SUM(E123-G123+H123) -> 1600
B124: Dog and Litter Bins | C124: 500 | D124: 0 | E124: =SUM(C124+D124) -> 500 | G124: 0 | H124: 0 | I124: =SUM(E124-G124+H124) -> 500
B125: DSD Road Safety | C125: 996.19 | D125: 0 | E125: =SUM(C125+D125) -> 996.19 | G125: 0 | H125: 0 | I125: =SUM(E125-G125+H125) -> 996.19
B126: General | C126: 350.2 | D126: 149.8 | E126: =SUM(C126+D126) -> 500 | G126: 48.58 | H126: 0 | I126: =SUM(E126-G126+H126) -> 451.42
B127: Grass Cutting (Verges & Cemetery) | C127: 1082 | D127: 18 | E127: =SUM(C127+D127) -> 1100 | G127: 836 | H127: 0 | I127: =SUM(E127-G127+H127) -> 264
B128: Jubilee Woods | C128: 1000 | D128: 0 | E128: =SUM(C128+D128) -> 1000 | G128: 290 | H128: 0 | I128: =SUM(E128-G128+H128) -> 710
B129: MDC Park Rangers | C129: 2592.41 | D129: 5800 | E129: =SUM(C129+D129) -> 8392.41 | G129: 10067.9 | H129: 0 | I129: =SUM(E129-G129+H129) -> -1675.49
B130: Notice Board/Village Map | C130: 1200 | D130: 0 | E130: =SUM(C130+D130) -> 1200 | G130: 0 | H130: 0 | I130: =SUM(E130-G130+H130) -> 1200
B131: High Street Toilets (2013-2014) | C131: 839.65 | D131: 428.35 | E131: =SUM(C131+D131) -> 1268 | G131: 4411.56 | H131: 2000 | I131: =SUM(E131-G131+H131) -> -1143.56
B132: Public Health & Safety | C132: 1687.6 | D132: 1912.4 | E132: =SUM(C132+D132) -> 3600 | G132: 0 | H132: 0 | I132: =SUM(E132-G132+H132) -> 3600
B133: Street Cleaning | C133: 2940 | D133: -1740 | E133: =SUM(C133+D133) -> 1200 | G133: 0 | H133: 0 | I133: =SUM(E133-G133+H133) -> 1200
A135: Precept Projects | F135: =SUM(E136:E139) -> 18392 | G135: =SUM(G136:G139) -> 25425 | H135: =SUM(H136:H139) -> 16000 | J135: =SUM(F135-G135+H135) -> 8967
B136: CCTV to KGVMF Buildings | C136: 0 | D136: 2716 | E136: =SUM(C136+D136) -> 2716 | G136: 0 | H136: 0 | I136: =SUM(E136-G136+H136) -> 2716
B137: Office move & KGV Strategy study | C137: -375 | D137: 1000 | E137: =SUM(C137+D137) -> 625 | G137: 0 | H137: 0 | I137: =SUM(E137-G137+H137) -> 625
B138: Pavilion refurbishment | C138: 0 | D138: 4500 | E138: =SUM(C138+D138) -> 4500 | G138: 0 | H138: 0 | I138: =SUM(E138-G138+H138) -> 4500
B139: Tarmac KGV Roadway | C139: 0 | D139: 10551 | E139: =SUM(C139+D139) -> 10551 | G139: 25425 | H139: 16000 | I139: =SUM(E139-G139+H139) -> 1126
A141: Street Lighting | F141: =SUM(E142:E145) -> 5200 | G141: =SUM(G142:G145) -> 2520.55 | H141: =SUM(H142:H145) -> 0 | J141: =SUM(F141-G141+H141) -> 2679.45
B142: Electricity | C142: 221.25 | D142: 978.75 | E142: =SUM(C142+D142) -> 1200 | G142: 978.75 | H142: 0 | I142: =SUM(E142-G142+H142) -> 221.25
B143: Maintenance | C143: 1316.55 | D143: 1183.45 | E143: =SUM(C143+D143) -> 2500 | G143: 1541.8 | H143: 0 | I143: =SUM(E143-G143+H143) -> 958.2
B144: Street Lighting Improvements | C144: 700 | D144: 0 | E144: =SUM(C144+D144) -> 700 | G144: 0 | H144: 0 | I144: =SUM(E144-G144+H144) -> 700
B145: Kings Road Street Light | C145: 681 | D145: 119 | E145: =SUM(C145+D145) -> 800 | G145: 0 | H145: 0 | I145: =SUM(E145-G145+H145) -> 800
...

Sheet R & P
A1: Receipts and Payments since last report
C2: Payments at 28/02/2015 | D2: Current Payments | E2: Payments for period | G2: Receipts at 28/02/2015 | H2: Current receipts | I2: Receipts for period
A4: Administration | C4: =SUM(C5:C18) -> 5295.06 | D4: =SUM('Overall Budget'!G5) -> 5423.76 | E4: =SUM(D4-C4) -> 128.7 | G4: =SUM(G5:G18) -> 164.28 | H4: =SUM('Overall Budget'!H5) -> 208.53 | I4: =SUM(H4-G4) -> 44.25
B5: Audit | C5: 473.75 | D5: =SUM('Overall Budget'!G6) -> 473.75 | E5: =SUM(D5-C5) -> 0 | G5: 0 | H5: =SUM('Overall Budget'!H6) -> 0 | I5: =SUM(H5-G5) -> 0
B6: Chairman's Honorarium | C6: 0 | D6: =SUM('Overall Budget'!G7) -> 0 | E6: =SUM(D6-C6) -> 0 | G6: 0 | H6: =SUM('Overall Budget'!H7) -> 0 | I6: =SUM(H6-G6) -> 0
B7: Charity | C7: 0 | D7: =SUM('Overall Budget'!G8) -> 0 | E7: =SUM(D7-C7) -> 0 | G7: 107.5 | H7: =SUM('Overall Budget'!H8) -> 107.5 | I7: =SUM(H7-G7) -> 0
B8: Election Costs | C8: 0 | D8: =SUM('Overall Budget'!G9) -> 0 | E8: =SUM(D8-C8) -> 0 | G8: 0 | H8: =SUM('Overall Budget'!H9) -> 0 | I8: =SUM(H8-G8) -> 0
B9: General Expenses | C9: 370.84 | D9: =SUM('Overall Budget'!G10) -> 414.23 | E9: =SUM(D9-C9) -> 43.39 | G9: 31 | H9: =SUM('Overall Budget'!H10) -> 75.25 | I9: =SUM(H9-G9) -> 44.25
B10: Green Sacks | C10: 0 | D10: =SUM('Overall Budget'!G11) -> 44.25 | E10: =SUM(D10-C10) -> 44.25 | G10: 0 | H10: =SUM('Overall Budget'!H11) -> 0 | I10: =SUM(H10-G10) -> 0
B11: Insurance - General | C11: 2407.83 | D11: =SUM('Overall Budget'!G12) -> 2407.83 | E11: =SUM(D11-C11) -> 0 | G11: 0 | H11: =SUM('Overall Budget'!H12) -> 0 | I11: =SUM(H11-G11) -> 0
B12: Neighbourhood Planning | C12: 180.61 | D12: =SUM('Overall Budget'!G13) -> 180.61 | E12: =SUM(D12-C12) -> 0 | G12: 0 | H12: =SUM('Overall Budget'!H13) -> 0 | I12: =SUM(H12-G12) -> 0
B13: IT Services | C13: 0 | D13: =SUM('Overall Budget'!G13) -> 180.61 | E13: =SUM(D13-C13) -> 180.61 | G13: 0 | H13: =SUM('Overall Budget'!H13) -> 0 | I13: =SUM(H13-G13) -> 0
B14: Postage | C14: 34.74 | D14: =SUM('Overall Budget'!G15) -> 42.07 | E14: =SUM(D14-C14) -> 7.33 | G14: 0 | H14: =SUM('Overall Budget'!H15) -> 0 | I14: =SUM(H14-G14) -> 0
B15: Stationary | C15: 277.82 | D15: =SUM('Overall Budget'!G16) -> 277.82 | E15: =SUM(D15-C15) -> 0 | G15: 3.78 | H15: =SUM('Overall Budget'!H16) -> 3.78 | I15: =SUM(H15-G15) -> 0
B16: Subscriptions | C16: 769.63 | D16: =SUM('Overall Budget'!G17) -> 769.63 | E16: =SUM(D16-C16) -> 0 | G16: 0 | H16: =SUM('Overall Budget'!H17) -> 0 | I16: =SUM(H16-G16) -> 0
B17: Telephone | C17: 384.84 | D17: =SUM('Overall Budget'!G18) -> 418.57 | E17: =SUM(D17-C17) -> 33.73 | G17: 0 | H17: =SUM('Overall Budget'!H18) -> 0 | I17: =SUM(H17-G17) -> 0
B18: Training | C18: 395 | D18: =SUM('Overall Budget'!G19) -> 395 | E18: =SUM(D18-C18) -> 0 | G18: 22 | H18: =SUM('Overall Budget'!H19) -> 22 | I18: =SUM(H18-G18) -> 0
A20: Wages PAYE & Expenses | C20: =SUM(C21:C22) -> 12557.39 | D20: =SUM('Overall Budget'!G21) -> 13414.39 | E20: =SUM(D20-C20) -> 857 | G20: =SUM(G21:G22) -> 0 | H20: =SUM('Overall Budget'!H21) -> 0 | I20: =SUM(H20-G20) -> 0
B21: Clerk - Salary | C21: 8784.17 | D21: =SUM('Overall Budget'!G22) -> 9641.17 | E21: =SUM(D21-C21) -> 857 | G21: 0 | H21: =SUM('Overall Budget'!H22) -> 0 | I21: =SUM(H21-G21) -> 0
B22: Clerk - Tax and National Insurance | C22: 3773.22 | D22: =SUM('Overall Budget'!G23) -> 3773.22 | E22: =SUM(D22-C22) -> 0 | G22: 0 | H22: =SUM('Overall Budget'!H23) -> 0 | I22: =SUM(H22-G22) -> 0
A24: S137 Payments | C24: 100 | D24: =SUM('Overall Budget'!G25) -> 100 | E24: =SUM(D24-C24) -> 0 | G24: 0 | H24: =SUM('Overall Budget'!H25) -> 0 | I24: =SUM(H24-G24) -> 0
A26: Capital Spending (Asset purchase) | C26: 0 | D26: =SUM('Overall Budget'!G27) -> 0 | E26: =SUM(D26-C26) -> 0 | G26: 0 | H26: =SUM('Overall Budget'!H27) -> 0 | I26: =SUM(H26-G26) -> 0
A28: Sale of Assets | C28: 0 | D28: =SUM('Overall Budget'!G29) -> 0 | E28: =SUM(D28-C28) -> 0 | G28: 0 | H28: =SUM('Overall Budget'!H29) -> 0 | I28: =SUM(H28-G28) -> 0
A30: Loans etc for Capital expend | C30: 0 | D30: =SUM('Overall Budget'!G31) -> 0 | E30: =SUM(D30-C30) -> 0 | G30: 0 | H30: =SUM('Overall Budget'!H31) -> 0 | I30: =SUM(H30-G30) -> 0
A32: Loan, Interest & Repayments | C32: 0 | D32: =SUM('Overall Budget'!G33) -> 0 | E32: =SUM(D32-C32) -> 0 | G32: 0 | H32: =SUM('Overall Budget'!H33) -> 0 | I32: =SUM(H32-G32) -> 0
A34: Interest on Invts and A/Cs | C34: =SUM(C35:C36) -> 63.86 | D34: =SUM('Overall Budget'!G35) -> 124.74 | E34: =SUM(D34-C34) -> 60.88 | G34: =SUM(G35:G36) -> 46.98 | H34: =SUM('Overall Budget'!H35) -> 60.88 | I34: =SUM(H34-G34) -> 13.9
B35: Business Reserve | C35: 34.92 | D35: =SUM('Overall Budget'!G36) -> 70.13 | E35: =SUM(D35-C35) -> 35.21 | G35: 27.08 | H35: =SUM('Overall Budget'!H36) -> 35.21 | I35: =SUM(H35-G35) -> 8.13
B36: Business Premium | C36: 28.94 | D36: =SUM('Overall Budget'!G37) -> 54.61 | E36: =SUM(D36-C36) -> 25.67 | G36: 19.9 | H36: =SUM('Overall Budget'!H37) -> 25.67 | I36: =SUM(H36-G36) -> 5.77
A38: Tenancies (Council as landlord) | C38: 4976.41 | D38: =SUM('Overall Budget'!G39) -> 9667.39 | E38: =SUM(D38-C38) -> 4690.98 | G38: 4587.32 | H38: =SUM('Overall Budget'!H39) -> 4690.98 | I38: =SUM(H38-G38) -> 103.66
A40: Capital Grants | C40: 0 | D40: =SUM('Overall Budget'!G41) -> 0 | E40: =SUM(D40-C40) -> 0 | G40: 0 | H40: =SUM('Overall Budget'!H41) -> 0 | I40: =SUM(H40-G40) -> 0
A42: Agency Services | C42: 0 | D42: =SUM('Overall Budget'!G43) -> 0 | E42: =SUM(D42-C42) -> 0 | G42: 0 | H42: =SUM('Overall Budget'!H43) -> 0 | I42: =SUM(H42-G42) -> 0
A44: Other Payments (Not listed here) | C44: 0 | D44: =SUM('Overall Budget'!G45) -> 0 | E44: =SUM(D44-C44) -> 0 | G44: 0 | H44: =SUM('Overall Budget'!H45) -> 0 | I44: =SUM(H44-G44) -> 0
A46: Provision for doubtful debts | C46: 0 | D46: =SUM('Overall Budget'!G47) -> 0 | E46: =SUM(D46-C46) -> 0 | G46: 0 | H46: =SUM('Overall Budget'!H47) -> 0 | I46: =SUM(H46-G46) -> 0
A48: Advertising & Publicity | C48: =SUM(C49:C50) -> 1150 | D48: =SUM('Overall Budget'!G49) -> 1280 | E48: =SUM(D48-C48) -> 130 | G48: =SUM(G49:G50) -> 0 | H48: =SUM('Overall Budget'!H49) -> 0 | I48: =SUM(H48-G48) -> 0
B49: SPN | C49: 1150 | D49: =SUM('Overall Budget'!G50) -> 1280 | E49: =SUM(D49-C49) -> 130 | G49: 0 | H49: =SUM('Overall Budget'!H50) -> 0 | I49: =SUM(H49-G49) -> 0
B50: Other | C50: 0 | D50: =SUM('Overall Budget'!G51) -> 0 | E50: =SUM(D50-C50) -> 0 | G50: 0 | H50: =SUM('Overall Budget'!H51) -> 0 | I50: =SUM(H50-G50) -> 0
A52: Allotments | C52: =SUM(C53:C57) -> 849.38 | D52: =SUM('Overall Budget'!G53) -> 873.37 | E52: =SUM(D52-C52) -> 23.99 | G52: =SUM(G53:G57) -> 1789.8 | H52: =SUM('Overall Budget'!H53) -> 1789.8 | I52: =SUM(H52-G52) -> 0
B53: Fuel PH | C53: 70.9 | D53: =SUM('Overall Budget'!G54) -> 70.9 | E53: =SUM(D53-C53) -> 0 | G53: 0 | H53: =SUM('Overall Budget'!H54) -> 70.9 | I53: =SUM(H53-G53) -> 70.9
B54: Lettings | C54: 44.8 | D54: =SUM('Overall Budget'!G55) -> 44.8 | E54: =SUM(D54-C54) -> 0 | G54: 1614.8 | H54: =SUM('Overall Budget'!H55) -> 786.23 | I54: =SUM(H54-G54) -> -828.57
B55: Maintenance (incl grass cutting) | C55: 403.67 | D55: =SUM('Overall Budget'!G56) -> 403.67 | E55: =SUM(D55-C55) -> 0 | G55: 0 | H55: =SUM('Overall Budget'!H56) -> 403.67 | I55: =SUM(H55-G55) -> 403.67
B56: Sheds | C56: 0 | D56: =SUM('Overall Budget'!G57) -> 0 | E56: =SUM(D56-C56) -> 0 | G56: 175 | H56: =SUM('Overall Budget'!H57) -> 175 | I56: =SUM(H56-G56) -> 0
B57: Water | C57: 330.01 | D57: =SUM('Overall Budget'!G58) -> 354 | E57: =SUM(D57-C57) -> 23.99 | G57: 0 | H57: =SUM('Overall Budget'!H58) -> 354 | I57: =SUM(H57-G57) -> 354
A59: Parish Room/Old Parish Room/Car Park/Toilet/One Place | C59: =SUM(C60:C78) -> 10220.25 | D59: =SUM('Overall Budget'!G60) -> 10926.45 | E59: =SUM(D59-C59) -> 706.2 | G59: =SUM(G60:G78) -> 946.85 | H59: =SUM('Overall Budget'!H60) -> 1003.1 | I59: =SUM(H59-G60) -> 1003.1
B60: Car Park - Cleaning | C60: 0 | D60: =SUM('Overall Budget'!G61) -> 0 | E60: =SUM(D60-C60) -> 0 | G60: 0 | H60: =SUM('Overall Budget'!H61) -> 0 | I60: =SUM(H60-G60) -> 0
B61: Car Park - Electricity | C61: 648.78 | D61: =SUM('Overall Budget'!G62) -> 707.76 | E61: =SUM(D61-C61) -> 58.98 | G61: 0 | H61: =SUM('Overall Budget'!H62) -> 0 | I61: =SUM(H61-G61) -> 0
B62: Car Park - Maintenance | C62: 1120 | D62: =SUM('Overall Budget'!G63) -> 1433.49 | E62: =SUM(D62-C62) -> 313.49 | G62: 0 | H62: =SUM('Overall Budget'!H63) -> 0 | I62: =SUM(H62-G62) -> 0
B63: Car Park - Rates | C63: 1201.05 | D63: =SUM('Overall Budget'!G64) -> 1201.05 | E63: =SUM(D63-C63) -> 0 | G63: 0 | H63: =SUM('Overall Budget'!H64) -> 0 | I63: =SUM(H63-G63) -> 0
B64: Car Park ATM | C64: 1766.25 | D64: =SUM('Overall Budget'!G65) -> 1766.25 | E64: =SUM(D64-C64) -> 0 | G64: 0 | H64: =SUM('Overall Budget'!H65) -> 0 | I64: =SUM(H64-G64) -> 0
B65: Car Park - Toilet rates | C65: 169.56 | D65: =SUM('Overall Budget'!G66) -> 169.56 | E65: =SUM(D65-C65) -> 0 | G65: 0 | H65: =SUM('Overall Budget'!H66) -> 0 | I65: =SUM(H65-G65) -> 0
B66: Car Park - Sewerage | C66: 266.97 | D66: =SUM('Overall Budget'!G67) -> 266.97 | E66: =SUM(D66-C66) -> 0 | G66: 0 | H66: =SUM('Overall Budget'!H67) -> 0 | I66: =SUM(H66-G66) -> 0
B67: Car Park - Water | C67: 92.25 | D67: =SUM('Overall Budget'!G68) -> 102.54 | E67: =SUM(D67-C67) -> 10.29 | G67: 0 | H67: =SUM('Overall Budget'!H68) -> 0 | I67: =SUM(H67-G67) -> 0
B68: Car Park Building Maintenance | C68: 687.3 | D68: =SUM('Overall Budget'!G69) -> 687.3 | E68: =SUM(D68-C68) -> 0 | G68: 0 | H68: =SUM('Overall Budget'!H69) -> 0 | I68: =SUM(H68-G68) -> 0
B69: Car Park Building Rates | C69: 0 | D69: =SUM('Overall Budget'!G70) -> 0 | E69: =SUM(D69-C69) -> 0 | G69: 0 | H69: =SUM('Overall Budget'!H70) -> 0 | I69: =SUM(H69-G69) -> 0
B71: Parish Rooms - Cleaning | C71: 341 | D71: =SUM('Overall Budget'!G72) -> 372 | E71: =SUM(D71-C71) -> 31 | G71: 0 | H71: =SUM('Overall Budget'!H72) -> 0 | I71: =SUM(H71-G71) -> 0
B72: Parish Rooms - Electricity | C72: 307.63 | D72: =SUM('Overall Budget'!G73) -> 332.1 | E72: =SUM(D72-C72) -> 24.47 | G72: 0 | H72: =SUM('Overall Budget'!H73) -> 0 | I72: =SUM(H72-G72) -> 0
... B78: Parish Rooms - Water | C78: 887.03 | D78: =SUM('Overall Budget'!G79) -> 997.66 | E78: =SUM(D78-C78) -> 110.63 | G78: 0 | H78: =SUM('Overall Budget'!H79) -> 0 | I78: =SUM(H78-G78) -> 0
A80: Events | C80: =SUM(C81:C83) -> 5317.85 | D80: =SUM('Overall Budget'!G81) -> 5317.85 | E80: =SUM(D80-C80) -> 0 | G80: =SUM(G81:G83) -> 1700.89 | H80: =SUM('Overall Budget'!H81) -> 1715.89 | I80: =SUM(H80-G80) -> 15
B81: Halloween | C81: 4525.38 | D81: =SUM('Overall Budget'!G82) -> 4525.38 | E81: =SUM(D81-C81) -> 0 | G81: 1700.89 | H81: =SUM('Overall Budget'!H82) -> 1715.89 | I81: =SUM(H81-G81) -> 15
B82: Summer Show/Music | C82: 758.3 | D82: =SUM('Overall Budget'!G83) -> 758.3 | E82: =SUM(D82-C82) -> 0 | G82: 0 | H82: =SUM('Overall Budget'!H83) -> 0 | I82: =SUM(H82-G82) -> 0
B83: Southminster in Bloom | C83: 34.17 | D83: =SUM('Overall Budget'!G84) -> 34.17 | E83: =SUM(D83-C83) -> 0 | G83: 0 | H83: =SUM('Overall Budget'!H84) -> 0 | I83: =SUM(H83-G83) -> 0
A85: King George V Memorial Field | C85: =SUM(C86:C113) -> 117902.86 | D85: =SUM('Overall Budget'!G86) -> 129543.88 | E85: =SUM(D85-C85) -> 11641.02 | G85: =SUM(G86:G113) -> 87162.04 | H85: =SUM('Overall Budget'!H86) -> 87198.04 | I85: =SUM(H85-G85) -> 36
B86: Community Hall 2 - Electricity | C86: 545.24 | D86: =SUM('Overall Budget'!G87) -> 571.91 | E86: =SUM(D86-C86) -> 26.67 | G86: 0 | H86: =SUM('Overall Budget'!H87) -> 0 | I86: =SUM(H86-G86) -> 0
B87: Community Hall 2 - Cleaning | C87: 550 | D87: =SUM('Overall Budget'!G88) -> 600 | E87: =SUM(D87-C87) -> 50 | G87: 0 | H87: =SUM('Overall Budget'!H88) -> 0 | I87: =SUM(H87-G87) -> 0
B88: Community Hall 2 - Lettings | C88: 0 | D88: =SUM('Overall Budget'!G89) -> 0 | E88: =SUM(D88-C88) -> 0 | G88: 272 | H88: =SUM('Overall Budget'!H89) -> 308 | I88: =SUM(H88-G88) -> 36
B89: Community Hall 2 - Maintenance | C89: 276.38 | D89: =SUM('Overall Budget'!G90) -> 276.38 | E89: =SUM(D89-C89) -> 0 | G89: 0 | H89: =SUM('Overall Budget'!H90) -> 0 | I89: =SUM(H89-G89) -> 0
B90: Community Hall 2 - Rates | C90: 0 | D90: =SUM('Overall Budget'!G91) -> 0 | E90: =SUM(D90-C90) -> 0 | G90: 0 | H90: =SUM('Overall Budget'!H91) -> 0 | I90: =SUM(H90-G90) -> 0
B91: Community Hall 2 - Refurbishment | C91: 3703.77 | D91: =SUM('Overall Budget'!G92) -> 3703.77 | E91: =SUM(D91-C91) -> 0 | G91: 0 | H91: =SUM('Overall Budget'!H92) -> 0 | I91: =SUM(H91-G91) -> 0
B93: Community Hall 1 - Cleaning | C93: 550 | D93: =SUM('Overall Budget'!G94) -> 600 | E93: =SUM(D93-C93) -> 50 | G93: 0 | H93: =SUM('Overall Budget'!H94) -> 0 | I93: =SUM(H93-G93) -> 0
B94: Community Hall 1 - Lettings | C94: 0 | D94: =SUM('Overall Budget'!G95) -> 0 | E94: =SUM(D94-C94) -> 0 | G94: 389.55 | H94: =SUM('Overall Budget'!H95) -> 389.55 | I94: =SUM(H94-G94) -> 0
B95: Community Hall 1 - Maintenance | C95: 787.76 | D95: =SUM('Overall Budget'!G96) -> 787.76 | E95: =SUM(D95-C95) -> 0 | G95: 0 | H95: =SUM('Overall Budget'!H96) -> 0 | I95: =SUM(H95-G95) -> 0
B96: Community Hall 1 - Rates | C96: 1095.08 | D96: =SUM('Overall Budget'!G97) -> 1095.08 | E96: =SUM(D96-C96) -> 0 | G96: 0 | H96: =SUM('Overall Budget'!H97) -> 0 | I96: =SUM(H96-G96) -> 0
B98: General - BMX | C98: 0 | D98: =SUM('Overall Budget'!G99) -> 0 | E98: =SUM(D98-C98) -> 0 | G98: 0 | H98: =SUM('Overall Budget'!H99) -> 0 | I98: =SUM(H98-G98) -> 0
B99: General - Grass Cutting | C99: 328 | D99: =SUM('Overall Budget'!G100) -> 352 | E99: =SUM(D99-C99) -> 24 | G99: 0 | H99: =SUM('Overall Budget'!H100) -> 0 | I99: =SUM(H99-G99) -> 0
... B113: Playground/Car Park Maintenance | C113: 2549.5 | D113: =SUM('Overall Budget'!G114) -> 2811.49 | E113: =SUM(D113-C113) -> 261.99 | G113: 0 | H113: =SUM('Overall Budget'!H114) -> 0 | I113: =SUM(H113-G113) -> 0
A115: Parish Machinery | C115: =SUM(C116:C118) -> 3024.18 | D115: =SUM('Overall Budget'!G116) -> 3048.18 | E115: =SUM(D115-C115) -> 24 | G115: =SUM(G116:G118) -> 0 | H115: =SUM('Overall Budget'!H116) -> 0 | I115: =SUM(H115-G115) -> 0
B116: Fuel | C116: 294 | D116: =SUM('Overall Budget'!G117) -> 294 | E116: =SUM(D116-C116) -> 0 | G116: 0 | H116: =SUM('Overall Budget'!H117) -> 0 | I116: =SUM(H116-G116) -> 0
B117: Insurance | C117: 1237.09 | D117: =SUM('Overall Budget'!G118) -> 1237.09 | E117: =SUM(D117-C117) -> 0 | G117: 0 | H117: =SUM('Overall Budget'!H118) -> 0 | I117: =SUM(H117-G117) -> 0
B118: Maintenance | C118: 1493.09 | D118: =SUM('Overall Budget'!G119) -> 1517.09 | E118: =SUM(D118-C118) -> 24 | G118: 0 | H118: =SUM('Overall Budget'!H119) -> 0 | I118: =SUM(H118-G118) -> 0
A120: Parish Maintenance | C120: =SUM(C121:C132) -> 13519.14 | D120: =SUM('Overall Budget'!G121) -> 15654.04 | E120: =SUM(D120-C120) -> 2134.9 | G120: =SUM(G121:G132) -> 2000 | H120: =SUM('Overall Budget'!H121) -> 2000 | I120: =SUM(H120-G120) -> 0
B121: Bus Shelters | C121: 0 | D121: =SUM('Overall Budget'!G122) -> 0 | E121: =SUM(D121-C121) -> 0 | G121: 0 | H121: =SUM('Overall Budget'!H122) -> 0 | I121: =SUM(H121-G121) -> 0
B122: Church Clock | C122: 0 | D122: =SUM('Overall Budget'!G123) -> 0 | E122: =SUM(D122-C122) -> 0 | G122: 0 | H122: =SUM('Overall Budget'!H123) -> 0 | I122: =SUM(H122-G122) -> 0
B123: Dog and Litter Bins | C123: 0 | D123: =SUM('Overall Budget'!G124) -> 0 | E123: =SUM(D123-C123) -> 0 | G123: 0 | H123: =SUM('Overall Budget'!H124) -> 0 | I123: =SUM(H123-G123) -> 0
B124: DSD Road Safety | C124: 0 | D124: =SUM('Overall Budget'!G125) -> 0 | E124: =SUM(D124-C124) -> 0 | G124: 0 | H124: =SUM('Overall Budget'!H125) -> 0 | I124: =SUM(H124-G124) -> 0
B125: General | C125: 48.58 | D125: =SUM('Overall Budget'!G126) -> 48.58 | E125: =SUM(D125-C125) -> 0 | G125: 0 | H125: =SUM('Overall Budget'!H126) -> 0 | I125: =SUM(H125-G125) -> 0
B126: Grass Cutting (Verges & Cemetery) | C126: 836 | D126: =SUM('Overall Budget'!G127) -> 836 | E126: =SUM(D126-C126) -> 0 | G126: 0 | H126: =SUM('Overall Budget'!H127) -> 0 | I126: =SUM(H126-G126) -> 0
B127: Jubilee Woods | C127: 0 | D127: =SUM('Overall Budget'!G128) -> 290 | E127: =SUM(D127-C127) -> 290 | G127: 0 | H127: =SUM('Overall Budget'!H128) -> 0 | I127: =SUM(H127-G127) -> 0
B128: MDC Park Rangers | C128: 8357.52 | D128: =SUM('Overall Budget'!G129) -> 10067.9 | E128: =SUM(D128-C128) -> 1710.38 | G128: 0 | H128: =SUM('Overall Budget'!H129) -> 0 | I128: =SUM(H128-G128) -> 0
B129: Notice Board/Village Map | C129: 0 | D129: =SUM('Overall Budget'!G130) -> 0 | E129: =SUM(D129-C129) -> 0 | G129: 0 | H129: =SUM('Overall Budget'!H130) -> 0 | I129: =SUM(H129-G129) -> 0
B130: High Street Toilets | C130: 4277.04 | D130: =SUM('Overall Budget'!G131) -> 4411.56 | E130: =SUM(D130-C130) -> 134.52 | G130: 2000 | H130: =SUM('Overall Budget'!H131) -> 2000 | I130: =SUM(H130-G130) -> 0
B131: Public Health & Safety | C131: 0 | D131: =SUM('Overall Budget'!G132) -> 0 | E131: =SUM(D131-C131) -> 0 | G131: 0 | H131: =SUM('Overall Budget'!H132) -> 0 | I131: =SUM(H131-G131) -> 0
B132: Street Cleaning | C132: 0 | D132: =SUM('Overall Budget'!G133) -> 0 | E132: =SUM(D132-C132) -> 0 | G132: 0 | H132: =SUM('Overall Budget'!H133) -> 0 | I132: =SUM(H132-G132) -> 0
A134: Precept Projects | C134: =SUM(C135:C138) -> 21142 | D134: =SUM('Overall Budget'!G135) -> 25425 | E134: =SUM(D134-C134) -> 4283 | G134: =SUM(G135:G138) -> 16000 | H134: =SUM('Overall Budget'!H135) -> 16000 | I134: =SUM(H134-G134) -> 0
B135: CCTV to KGVMF Buildings | C135: 0 | D135: =SUM('Overall Budget'!G136) -> 0 | E135: =SUM(D135-C135) -> 0 | G135: 0 | H135: =SUM('Overall Budget'!H136) -> 0 | I135: =SUM(H135-G135) -> 0
B136: Office move & KGVMF Strategy study | C136: 0 | D136: =SUM('Overall Budget'!G137) -> 0 | E136: =SUM(D136-C136) -> 0 | G136: 0 | H136: =SUM('Overall Budget'!H137) -> 0 | I136: =SUM(H136-G136) -> 0
B137: Pavilion Refurbishment | C137: 0 | D137: =SUM('Overall Budget'!G138) -> 0 | E137: =SUM(D137-C137) -> 0 | G137: 0 | H137: =SUM('Overall Budget'!H138) -> 0 | I137: =SUM(H137-G137) -> 0
B138: Tatmac KGVMF Roadway | C138: 21142 | D138: =SUM('Overall Budget'!G139) -> 25425 | E138: =SUM(D138-C138) -> 4283 | G138: 16000 | H138: 0 | I138: =SUM(H138-G138) -> -16000
A140: Street Lighting | C140: =SUM(C141:C144) -> 2155.47 | D140: =SUM('Overall Budget'!G141) -> 2520.55 | E140: =SUM(D140-C140) -> 365.08 | G140: =SUM(G141:G144) -> 0 | H140: =SUM('Overall Budget'!H141) -> 0 | I140: =SUM(H140-G140) -> 0
B141: Electricity | C141: 903.67 | D141: =SUM('Overall Budget'!G142) -> 978.75 | E141: =SUM(D141-C141) -> 75.08 | G141: 0 | H141: =SUM('Overall Budget'!H142) -> 0 | I141: =SUM(H141-G141) -> 0
B142: Maintenance | C142: 1251.8 | D142: =SUM('Overall Budget'!G143) -> 1541.8 | E142: =SUM(D142-C142) -> 290 | G142: 0 | H142: =SUM('Overall Budget'!H143) -> 0 | I142: =SUM(H142-G142) -> 0
B143: Street Lighting Improvements | C143: 0 | D143: =SUM('Overall Budget'!G144) -> 0 | E143: =SUM(D143-C143) -> 0 | G143: 0 | H143: =SUM('Overall Budget'!H144) -> 0 | I143: =SUM(H143-G143) -> 0
...

Sheet Comm Hall 2 Refurb
A1: Cadet Building refurbishment
A3: PHASE 1 | B3: (Kitchen & Toilets) | F3: Original Investment | G3: 2500
E5: Incl VAT | F5: VAT | G5: Net
A6: 41449 | B6: CC | C6: Reeve & Son (Maldon) Ltd | D6: Lock & Keys for ex-cadet bdg | E6: 56 | F6: 9.33 | G6: 46.67
A7: 41450 | B7: CC | C7: Wickes | D7: Paint for ex-cadet building | E7: 142.07 | F7: 23.7 | G7: 118.37
A8: 41453 | B8: BACS | C8: Smallwaste | D8: Skip for Cadet Building | E8: 120 | F8: 20 | G8: 100
A9: 41453 | B9: CC | C9: Wickes | D9: Kitchen units-ex-cadet building | E9: 696.59 | F9: 116.1 | G9: 580.49
A10: 41456 | B10: CC | C10: Panel Supplies Ltd | D10: Door blanks for Ex-cadet building | E10: 124.8 | F10: 20.8 | G10: 104
A11: 41460 | B11: 104454 | C11: Travis Perkins Trading Co Ltd | D11: Materials for Cadet Bldg | E11: 328.56 | F11: 54.76 | G11: 273.8
A12: 41460 | B12: 104454 | C12: Travis Perkins Trading Co Ltd | D12: Materials for Cadet Bldg | E12: 101.42 | F12: 16.9 | G12: 84.52
A13: 41460 | B13: 104454 | C13: Travis Perkins Trading Co Ltd | D13: Materials for Cadet Bldg | E13: 38.4 | F13: 6.4 | G13: 32
A14: 41460 | B14: 104454 | C14: Travis Perkins Trading Co Ltd | D14: Materials for Cadet Bldg | E14: 69.58 | F14: 11.6 | G14: 57.98
A15: 41461 | B15: CC | C15: Wickes | D15: Paint and tape | E15: 25.01 | F15: 4.17 | G15: 20.84
A16: 41463 | B16: CC | C16: Cummins & Jennings Ltd | D16: Plumbing | E16: 9 | F16: 1.5 | G16: 7.5
A17: 41470 | B17: 104458 | C17: Travis Perkins Trading Co Ltd | D17: Materials for Cadet Bldg | E17: 153.6 | F17: 25.6 | G17: 128
A18: 41470 | B18: 104458 | C18: Travis Perkins Trading Co Ltd | D18: Materials for Cadet Bldg | E18: 192 | F18: 32 | G18: 160
A19: 41470 | B19: 104458 | C19: Travis Perkins Trading Co Ltd | D19: Materials for Cadet Bldg | E19: 7.42 | F19: 1.24 | G19: 6.18
A20: 41470 | B20: 104458 | C20: Travis Perkins Trading Co Ltd | D20: Materials for Cadet Bldg | E20: 131.94 | F20: 21.99 | G20: 109.95
A21: 41471 | B21: CC | C21: Magnet Ltd | D21: Doors etc | E21: 81.39 | F21: 13.57 | G21: 67.82
A22: 41477 | B22: 104460 | C22: Travis Perkins Trading Co Ltd | D22: Materials for Cadet Bldg | E22: 502.95 | F22: 83.83 | G22: 419.12
A23: 41477 | B23: 104460 | C23: Travis Perkins Trading Co Ltd | D23: Materials for Cadet Bldg | E23: 39.88 | F23: 6.65 | G23: 33.23
A24: 41477 | B24: 104460 | C24: Travis Perkins Trading Co Ltd | D24: Materials for Cadet Bldg | E24: 12.77 | F24: 2.13 | G24: 10.64
A25: 41477 | B25: 104460 | C25: Travis Perkins Trading Co Ltd | D25: Materials for Cadet Bldg | E25: 65.27 | F25: 10.88 | G25: 54.39
A26: 41481 | B26: BACS | C26: S Jewry | D26: Erect cubicles | E26: 240 | G26: 240
A27: 41481 | B27: 104461 | C27: Dengie Plumbing Services | D27: Plumbing work on Cadet Bdg | E27: 3446 | G27: 3446
A28: 41484 | B28: 104462 | C28: Travis Perkins Trading Co Ltd | D28: Materials for Cadet Bldg | E28: 314.81 | F28: 52.47 | G28: 262.34
A29: 41484 | B29: 104462 | C29: Travis Perkins Trading Co Ltd | D29: Materials for Cadet Bldg | E29: 40.44 | F29: 6.74 | G29: 33.7
A30: 41484 | B30: 104462 | C30: Travis Perkins Trading Co Ltd | D30: Materials for Cadet Bldg | E30: 64.73 | F30: 10.79 | G30: 53.94
A31: 41488 | B31: BACS | C31: J Walpole (A Saward) | D31: Work Invoice 5 | E31: 389 | G31: 389
A32: 41491 | B32: CC | C32: Wickes | D32: Paint | E32: 53.97 | F32: 9 | G32: 44.97
A33: 41493 | B33: CC | C33: Staples | D33: Toilet furniture | E33: 98.29 | F33: 16.38 | G33: 81.91
A34: 41509 | B34: BACS | C34: AJB Electrical | D34: Electrical work | E34: 1523.16 | F34: 253.86 | G34: 1269.3
A35: 41502 | B35: OPC 276 | C35: Chelmsford Market | D35: Mountings for fans | E35: 5 | G35: 5
A36: 02/12.2013 | B36: BACS | C36: Andrew Watson & Sons Ltd | D36: Lay Flooring | E36: 540 | F36: 90 | G36: 450
F37: Budget expenditure | G37: =SUM(G6:G36) -> 8691.66
F39: Budget remaining | G39: =SUM(G3-G37) -> -6191.66
A42: PHASE 2 | F42: Original Investment | G42: 10000
E44: Incl VAT | F44: VAT | G44: Net
A45: PHASE 1 | C45: Budget Overrun | G45: =SUM(G37-G3) -> 6191.66
A46: 41532 | B46: CC | C46: Wickes | D46: Paint etc | E46: 100.31 | F46: 16.74 | G46: 83.57
A47: 41570 | B47: OPC 282 | C47: J & A Furniture | D47: 3 Heaters | E47: 21 | F47: 0 | G47: 21
A48: 41824 | B48: BACS | C48: S Jewry | D48: Comm Hall 2 Doors | E48: 310 | G48: 310
A49: 41828 | B49: CC | C49: Staples | D49: T roll holder etc | E49: 17.53 | F49: 2.92 | G49: 14.61
A50: 41831 | B50: BACS | C50: AJB Electrical | D50: Heating to Comm Hall 2 | E50: 534.2 | F50: 89.03 | G50: 445.17
A51: 41841 | B51: 104506 | C51: Travis Perkins Trading Co Ltd | D51: Wood for Comm Hall 2 | E51: 42.04 | F51: 7.01 | G51: 35.03
A52: 41994 | B52: CC | C52: B & Q | D52: Paint for Comm Hall 2 floor | E52: 44.98 | F52: 7.5 | G52: 37.48
A53: 41997 | B53: CC | C53: HSD Supplies Direct Ltd | D53: Baby Changing Unit | E53: 273.59 | F53: 45.6 | G53: 227.99
A54: 42013 | B54: BACS | C54: A Saward | D54: Paint Floor | E54: 72 | G54: 72
A55: 42037 | B55: BACS | C55: A Saward | D55: Install Baby Changing unit | E55: 16 | G55: 16
F59: Budget expenditure | G59: =SUM(G45:G58) -> 7454.51
F62: Budget remaining | G62: =SUM(G42-G59) -> 2545.49
A63: PROJECT COMPLETE
A65: Remaining Funds to be transferred back to the Parish Capital Development Fund
